Map: King's Cove LE

Players

A.I. 1 (Elite)

  • Race: Protoss Protoss
  • Spawn Location: 11:00

A.I. 2 (Elite)

  • Race: Terran Terran
  • Spawn Location: 5:00

VOD

Have the link to the VOD?

Description

Time

  • Played on: Feb. 6, 2019, 11:40 p.m.
  • Length: 10:27
Show
View Real Time Build Order
Export as new Build Order

A.I. 1 (Elite) Protoss 

Build Orders: Zealot Archon 

Get SALT Encoding   

  12  0:01  Probe  
  13  0:13  Probe  
  14  0:21  Pylon  
  14  0:25  Probe  
  15  0:35  Probe  
  16  0:43  Probe  
  16  0:49  Assimilator  
  17  0:52  Gateway, Probe  
  18  1:00  Probe  
  18  1:02  Pylon  
  18  1:08  Probe  
  20  1:20  Probe  
  21  1:39  Gateway  
  21  1:42  Probe, Zealot  
  21  1:45  Cybernetics Core  
  24  1:50  Pylon  
  24  1:53  Probe  
  25  2:01  Probe  
  26  2:09  Probe, Zealot  
  29  2:21  Probe  
  29  2:24  Warp Gate  
  29  2:26  Adept  
  31  2:35  Adept  
  33  2:37  Gateway  
  33  2:46  Gateway  
  33  2:56  Adept x2  
  35  3:02  Pylon  
  35  3:04  Probe  
  38  3:23  Adept  
  38  3:25  Adept  
  38  3:26  Adept  
  44  3:32  Adept  
  46  3:37  Pylon  
  46  3:45  Twilight Council  
  45  4:07  Pylon  
  45  4:36  Assimilator  
  45  4:45  Templar Archives, Zealot  
  47  4:53  Nexus  
  47  4:58  Probe  
  48  5:21  High Templar  
  50  5:36  Forge  
  50  5:45  Forge  
  50  5:49  High Templar  
  52  5:54  Archon  
  52  6:06  Probe x2  
  54  6:14  Assimilator  
  54  6:15  Assimilator  
  54  6:18  High Templar, Probe x2  
  58  6:30  Probe  
  58  6:31  Probe  
  60  6:40  Nexus  
  60  6:42  Probe  
  60  6:44  Probe  
  60  6:45  High Templar  
  64  6:49  Stalker  
  64  6:53  Stalker  
  68  6:54  Probe  
  68  6:56  Probe  
  68  6:58  Stalker  
  72  7:01  Pylon  
  72  7:04  Archon  
  72  7:06  Probe  
  73  7:11  Stalker  
  75  7:17  High Templar  
  75  7:19  Probe  
  75  7:20  Probe  
  75  7:21  Pylon  
  79  7:31  Probe  
  79  7:32  High Templar, Probe  
  83  7:40  Sentry  
  83  7:43  Probe x2  
  86  7:47  Pylon  
  87  7:52  Probe  
  87  7:53  Robotics Facility  
  87  7:56  Archon, Probe  
  87  7:57  Probe  
  90  8:00  Probe  
  90  8:03  Assimilator  
  90  8:05  High Templar, Assimilator  
  93  8:08  Probe x3  
  95  8:16  Probe  
  95  8:17  Probe  
  96  8:20  High Templar, Probe  
  96  8:26  Probe  
  101  8:28  Probe  
  101  8:30  Stalker  
  101  8:32  Pylon, Probe  
  106  8:34  Stalker  
  106  8:38  Stalker, Probe  
  106  8:40  Probe  
  112  8:42  Observer  
  112  8:44  Probe  
  114  8:50  Probe  
  114  8:52  Probe, Sentry  
  114  8:54  Stalker  
  114  8:55  Pylon  
  120  8:56  Probe  
  120  8:58  Zealot  
  120  9:01  Zealot  
  125  9:08  Pylon  
  122  9:11  Pylon  
  122  9:12  Probe  
  122  9:13  Probe  
  115  9:19  Stalker  
  115  9:22  Probe  
  115  9:23  Zealot  
  117  9:25  Probe  
  117  9:30  Probe, Zealot  
  118  9:33  Zealot  
  118  9:37  Probe  
  121  9:40  Zealot  
  121  9:42  Probe  
  121  9:44  Stalker  
  101  9:50  Probe  
  92  9:55  Probe  
  92  9:58  High Templar  
  60  10:00  High Templar  
  60  10:02  Adept  
  54  10:07  High Templar  
  50  10:19  High Templar  
Show
View Real Time Build Order
Export as new Build Order

A.I. 2 (Elite) Terran 

Build Orders:  

Get SALT Encoding   

  12  0:00  SCV  
  13  0:13  SCV  
  14  0:19  Supply Depot  
  14  0:25  SCV  
  15  0:41  SCV  
  16  0:45  Barracks  
  16  0:53  SCV  
  17  1:05  SCV  
  18  1:17  SCV  
  19  1:22  Command Center  
  19  1:34  Marine  
  19  1:37  Orbital Command  
  20  1:50  Supply Depot  
  20  1:52  Marine  
  21  1:54  Refinery  
  21  2:02  SCV  
  22  2:10  Marine  
  22  2:14  Barracks  
  22  2:15  SCV  
  24  2:21  Refinery  
  24  2:27  SCV  
  24  2:28  Marine  
  26  2:35  Supply Depot  
  26  2:37  SCV  
  27  2:49  Orbital Command  
  27  2:52  Marine  
  27  2:53  SCV  
  29  3:06  SCV, Factory  
  29  3:08  Marine  
  29  3:11  Marine  
  32  3:15  SCV  
  32  3:18  SCV  
  34  3:26  Marine  
  36  3:27  SCV  
  36  3:29  Marine  
  36  3:30  SCV  
  38  3:39  SCV  
  38  3:42  SCV  
  38  3:44  Marine  
  38  3:47  Marine  
  41  3:51  SCV  
  41  3:52  Starport  
  41  3:53  Factory Tech Lab  
  41  3:54  SCV  
  43  4:00  Supply Depot  
  43  4:02  Marine  
  44  4:03  SCV  
  44  4:05  Marine  
  44  4:06  SCV  
  47  4:14  Siege Tank  
  47  4:15  SCV  
  51  4:18  SCV  
  51  4:20  Supply Depot, Marine  
  51  4:22  Marine  
  54  4:27  SCV  
  54  4:30  SCV  
  56  4:33  Supply Depot, Starport Tech Lab  
  56  4:39  SCV  
  56  4:42  SCV  
  58  4:46  Siege Tank  
  58  4:50  Supply Depot  
  58  4:51  SCV, Marine  
  63  4:53  Marine  
  63  4:54  SCV, Banshee  
  63  4:56  Supply Depot  
  68  5:03  SCV  
  68  5:06  Refinery  
  68  5:07  SCV  
  70  5:09  Refinery  
  70  5:10  Barracks Tech Lab  
  70  5:16  SCV  
  70  5:19  SCV  
  72  5:27  Engineering Bay, Combat Shield  
  72  5:28  SCV  
  73  5:29  Marauder  
  73  5:31  SCV  
  76  5:36  Command Center  
  76  5:40  SCV  
  77  5:43  SCV  
  78  5:50  Marauder  
  78  5:52  SCV  
  78  5:53  Terran Infantry Armor Level 1, Supply Depot  
  78  5:55  SCV  
  82  6:01  Engineering Bay  
  82  6:10  Barracks Tech Lab, Barracks, Siege Tank  
  85  6:11  Marauder  
  85  6:12  Missile Turret  
  85  6:18  Supply Depot  
  87  6:25  Missile Turret  
  87  6:26  Terran Infantry Weapons Level 1  
  87  6:29  Marauder, Stimpack  
  91  6:33  Marauder  
  91  6:41  Medivac  
  91  6:43  Siege Tank  
  91  6:46  Supply Depot  
  96  6:48  SCV, Missile Turret  
  96  6:49  SCV x2  
  96  6:50  Refinery, Marauder  
  103  6:54  Marauder  
  103  7:01  SCV x3  
  105  7:02  Missile Turret  
  105  7:05  Missile Turret, Barracks Reactor  
  106  7:11  Marauder, Medivac  
  106  7:13  Concussive Shells, SCV x2  
  106  7:14  SCV  
  113  7:18  Barracks  
  113  7:19  Marauder  
  115  7:25  SCV  
  115  7:27  SCV  
  115  7:28  Supply Depot, Orbital Command  
  117  7:33  Marauder, Siege Tank  
  122  7:37  SCV  
  122  7:39  SCV  
  122  7:40  Marauder  
  126  7:48  Missile Turret  
  126  7:49  SCV  
  127  7:52  SCV  
  127  7:53  Supply Depot  
  127  7:54  SCV, Marauder  
  128  8:01  SCV, Marauder  
  128  8:05  Raven, Siege Tank  
  136  8:10  Armory  
  136  8:16  Marauder, Supply Depot  
  138  8:23  Marauder  
  138  8:24  Armory  
  140  8:27  Refinery  
  140  8:29  Missile Turret  
  140  8:37  Marauder, Widow Mine  
  140  8:40  Supply Depot  
  144  8:49  Command Center  
  144  8:50  SCV  
  144  8:51  Raven  
  147  8:57  SCV, Marauder  
  147  8:58  Marauder  
  147  8:59  Widow Mine  
  151  9:05  Supply Depot  
  149  9:10  SCV  
  149  9:13  SCV  
  149  9:14  SCV  
  148  9:18  Marauder  
  148  9:20  Marauder, Widow Mine  
  148  9:22  SCV  
  155  9:30  Supply Depot  
  155  9:31  Command Center  
  155  9:34  Medivac  
  157  9:40  Marauder  
  157  9:42  Marine, Widow Mine  
  157  9:43  Marine  
  157  9:44  Marine  
  159  9:46  Marine  
  159  9:47  Starport  
  159  9:50  Missile Turret  
  160  9:54  Supply Depot  
  160  9:59  Marine  
  155  10:01  Marine  
  160  10:19  Supply Depot  
  164  10:23  Missile Turret, Starport Reactor  
Tags
 
Composition
Zealot Archon
Matchup
PvT
Spawn Locations
Cross Positions
Add a new tag
Caveats
  • Supply blocks, unpowered buildings, or Contaminate may cause inaccurate times.
  • Supply counts are checked every 10 seconds.